TOP OF THE 1ST |
Amarillo Archdukes batting - Pitching for Richmond Flairs : RHP John Smith
|
Pitching: RHP John Smith
|
|
Batting: RHB Tony Quinn
|
0-0: Swinging Strike 0-1: Ball 1-1: Called Strike 1-2: Ball 2-2: Ball 3-2: Strikes out swinging
|
Batting: RHB Nobuharu Hoshino
|
0-0: Foul Ball, location: 2F 0-1: Swinging Strike 0-2: Strikes out swinging
|
Batting: LHB Jorge Martínez
|
0-0: Ground out 4-3 (Groundball, 4)
|
Top of the 1st over - 0 run(s), 0 hit(s), 0 error(s), 0 left on base; Amarillo 0 - Richmond 0 |
BOTTOM OF THE 1ST |
Richmond Flairs batting - Pitching for Amarillo Archdukes : RHP Ignacio Torres
|
Pitching: RHP Ignacio Torres
|
|
Batting: RHB Jared Thompson
|
0-0: Called Strike 0-1: Swinging Strike 0-2: Foul Ball, location: 2F 0-2: Ball 1-2: Strikes out swinging
|
Batting: RHB Alberto Hernández
|
0-0: Ball 1-0: Ball 2-0: Called Strike 2-1: Ball 3-1: Called Strike 3-2: SINGLE (Groundball, 56D)
|
Batting: LHB Frank Geddes
|
0-0: Called Strike 0-1: Ball 1-1: Foul Ball, location: 2F 1-2: Foul Ball, location: 2F 1-2: Ball 2-2: Foul Ball, location: 2F 2-2: Fielders Choice at 2nd, 1-6 (Groundball, 15S)
|
Batting: RHB Javier Deleón
|
0-0: Ball 1-0: Called Strike 1-1: Swinging Strike 1-2: Strikes out swinging
|
Bottom of the 1st over - 0 run(s), 1 hit(s), 0 error(s), 1 left on base; Amarillo 0 - Richmond 0 |
TOP OF THE 2ND |
Amarillo Archdukes batting - Pitching for Richmond Flairs : RHP John Smith
|
Batting: RHB Norm Francis
|
0-0: Foul Ball, location: 2F 0-1: Ball 1-1: Swinging Strike 1-2: Foul Ball, location: 2F 1-2: Ball 2-2: SINGLE (Flyball, 9LS)
|
Batting: LHB Howard Lambert
|
0-0: Ball 1-0: Ball 2-0: Foul Ball, location: 2F 2-1: SINGLE (Line Drive, 3) Norm Francis to second
|
Batting: RHB Jorge Espinosa
|
0-0: Ball 1-0: Foul Ball, location: 2F 1-1: Fly out, F6 (Popup, 5D)
|
Batting: RHB Ronald Parsons
|
0-0: Swinging Strike 0-1: Swinging Strike 0-2: Ball 1-2: Ball 2-2: Fielders Choice at 2nd, 4-6 (Groundball, 4) Norm Francis to third
|
Batting: RHB José Tamayo
|
0-0: DOUBLE (Line Drive, 78D) Norm Francis scores Ronald Parsons to third Runner from 3rd tries for Home, SAFE, no throw or cutoff
|
Batting: RHB Mark Roy
|
0-0: Called Strike 0-1: Foul Ball, location: 2F 0-2: Foul Ball, location: 2F 0-2: Ball 1-2: Strikes out looking
|
Top of the 2nd over - 2 run(s), 3 hit(s), 0 error(s), 1 left on base; Amarillo 2 - Richmond 0 |
BOTTOM OF THE 2ND |
Richmond Flairs batting - Pitching for Amarillo Archdukes : RHP Ignacio Torres
|
Batting: LHB Roland Jones
|
0-0: Swinging Strike 0-1: Ball 1-1: Ball 2-1: SOLO HOME RUN (Flyball, 89XD), Distance : 388 ft
|
Batting: RHB R.J. Crosby
|
0-0: Ball 1-0: Foul Ball, location: 2F 1-1: Swinging Strike 1-2: Ball 2-2: Fly out, F8 (Popup, 8RM)
|
Batting: RHB Elliott Johnston
|
0-0: Fly out, F9 (Flyball, 9D)
|
Batting: LHB Luis Villa
|
0-0: Ball 1-0: Ball 2-0: Called Strike 2-1: Ball 3-1: Swinging Strike 3-2: Foul Ball, location: 2F 3-2: Ground out 4-3 (Groundball, 4)
|
Bottom of the 2nd over - 1 run(s), 1 hit(s), 0 error(s), 0 left on base; Amarillo 2 - Richmond 1 |
TOP OF THE 3RD |
Amarillo Archdukes batting - Pitching for Richmond Flairs : RHP John Smith
|
Batting: RHB Tony Quinn
|
0-0: Foul Ball, location: 2F 0-1: Called Strike 0-2: Ground out 5-3 (Groundball, 5)
|
Batting: RHB Nobuharu Hoshino
|
0-0: Called Strike 0-1: Ground out 4-3 (Groundball, 4)
|
Batting: LHB Jorge Martínez
|
0-0: SINGLE (Groundball, 5D)
|
Batting: RHB Norm Francis
|
0-0: DOUBLE (Groundball, 5L) Jorge Martínez to third Runner from 3rd tries for Home, throw and OUT!
|
Top of the 3rd over - 0 run(s), 2 hit(s), 0 error(s), 1 left on base; Amarillo 2 - Richmond 1 |
BOTTOM OF THE 3RD |
Richmond Flairs batting - Pitching for Amarillo Archdukes : RHP Ignacio Torres
|
Batting: SHB Carlos Reyes
|
0-0: Ball 1-0: Fly out, F6 (Popup, 56D)
|
Batting: RHB Jared Thompson
|
0-0: Ball 1-0: Called Strike 1-1: Fly out, F7 (Flyball, 7D)
|
Batting: RHB Alberto Hernández
|
0-0: Fly out, F7 (Flyball, 78M)
|
Bottom of the 3rd over - 0 run(s), 0 hit(s), 0 error(s), 0 left on base; Amarillo 2 - Richmond 1 |
TOP OF THE 4TH |
Amarillo Archdukes batting - Pitching for Richmond Flairs : RHP John Smith
|
Batting: LHB Howard Lambert
|
0-0: Called Strike 0-1: Ball 1-1: SINGLE (Groundball, 6MD) (infield hit)
|
Batting: RHB Jorge Espinosa
|
0-0: Swinging Strike 0-1: Ball 1-1: Ball 2-1: Foul Ball, location: 2F 2-2: Foul Ball, location: 2F 2-2: Ball 3-2: DOUBLE (Groundball, 5L) Howard Lambert to third Runner from 3rd tries for Home, SAFE, no throw or cutoff
|
Batting: RHB Ronald Parsons
|
0-0: Ball 1-0: Called Strike 1-1: Ground out 4-3 (Groundball, 34) Jorge Espinosa to third
|
Batting: RHB José Tamayo
|
0-0: Swinging Strike 0-1: Ball 1-1: Swinging Strike 1-2: Ball 2-2: Ground out 6-3 (Groundball, 56) Jorge Espinosa scores
|
Batting: RHB Mark Roy
|
0-0: Ball 1-0: DOUBLE (Line Drive, 78D) - OUT at third base trying to stretch hit.
|
Top of the 4th over - 2 run(s), 3 hit(s), 0 error(s), 0 left on base; Amarillo 4 - Richmond 1 |
BOTTOM OF THE 4TH |
Richmond Flairs batting - Pitching for Amarillo Archdukes : RHP Ignacio Torres
|
Batting: LHB Frank Geddes
|
0-0: Ball 1-0: Called Strike 1-1: Fly out, F8 (Flyball, 78D)
|
Batting: RHB Javier Deleón
|
0-0: Swinging Strike 0-1: Ball 1-1: Ball 2-1: Swinging Strike 2-2: Ball 3-2: Base on Balls
|
Batting: LHB Roland Jones
|
0-0: Ball 1-0: Fly out, F7 (Flyball, 7D)
|
Batting: RHB R.J. Crosby
|
0-0: Ground out 1-3 (Groundball, 13S)
|
Bottom of the 4th over - 0 run(s), 0 hit(s), 0 error(s), 1 left on base; Amarillo 4 - Richmond 1 |
TOP OF THE 5TH |
Amarillo Archdukes batting - Pitching for Richmond Flairs : RHP John Smith
|
Batting: RHB Tony Quinn
|
0-0: Hit by Pitch
|
Batting: RHB Nobuharu Hoshino
|
0-0: Ball Tony Quinn is caught stealing 2nd base 1-0: Called Strike 1-1: Fly out, F8 (Flyball, 8LS)
|
Batting: LHB Jorge Martínez
|
0-0: Ball 1-0: Ball 2-0: Ball 3-0: Called Strike 3-1: Called Strike 3-2: Ground out 4-3 (Groundball, 34)
|
Top of the 5th over - 0 run(s), 0 hit(s), 0 error(s), 0 left on base; Amarillo 4 - Richmond 1 |
BOTTOM OF THE 5TH |
Richmond Flairs batting - Pitching for Amarillo Archdukes : RHP Ignacio Torres
|
Batting: RHB Elliott Johnston
|
0-0: Ball 1-0: Called Strike 1-1: Called Strike 1-2: Foul Ball, location: 2F 1-2: Foul Ball, location: 2F 1-2: Foul Ball, location: 2F 1-2: Ball 2-2: Foul Ball, location: 2F 2-2: Strikes out looking
|
Batting: LHB Luis Villa
|
0-0: Ball 1-0: Ball 2-0: Foul Ball, location: 2F 2-1: Fly out, F5 (Popup, 5F)
|
Batting: SHB Carlos Reyes
|
0-0: SINGLE (Line Drive, 89S)
|
Batting: RHB Jared Thompson
|
0-0: Called Strike 0-1: Ball 1-1: Ball 2-1: Ball 3-1: DOUBLE (Line Drive, 7LS) Carlos Reyes to third
|
Batting: RHB Alberto Hernández
|
0-0: Ball 1-0: Called Strike 1-1: Ball 2-1: Ball 3-1: Base on Balls
|
Batting: LHB Frank Geddes
|
0-0: Fly out, F8 (Flyball, 8LD)
|
Bottom of the 5th over - 0 run(s), 2 hit(s), 0 error(s), 3 left on base; Amarillo 4 - Richmond 1 |
TOP OF THE 6TH |
Amarillo Archdukes batting - Pitching for Richmond Flairs : RHP John Smith
|
Batting: RHB Norm Francis
|
0-0: Ball 1-0: Ball 2-0: Ball 3-0: Called Strike 3-1: Called Strike 3-2: Foul Ball, location: 2F 3-2: SOLO HOME RUN (Line Drive, 7D), Distance : 352 ft
|
Batting: LHB Howard Lambert
|
0-0: Called Strike 0-1: Ball 1-1: Foul Ball, location: 2F 1-2: Ball 2-2: Ball 3-2: Foul Ball, location: 2F 3-2: Fly out, F6 (Popup, 56D)
|
Batting: RHB Jorge Espinosa
|
0-0: Bunted foul 0-1: Ball 1-1: Fly out, F8 (Flyball, 8RM)
|
Batting: RHB Ronald Parsons
|
0-0: Foul Ball, location: 2F 0-1: Ball 1-1: Ground out U3 (Groundball, 3)
|
Top of the 6th over - 1 run(s), 1 hit(s), 0 error(s), 0 left on base; Amarillo 5 - Richmond 1 |
BOTTOM OF THE 6TH |
Richmond Flairs batting - Pitching for Amarillo Archdukes : RHP Ignacio Torres
|
Batting: RHB Javier Deleón
|
0-0: Foul Ball, location: 2F 0-1: Ball 1-1: Ball 2-1: Swinging Strike 2-2: Ball 3-2: Base on Balls
|
Batting: LHB Roland Jones
|
0-0: Fly out, F2 (Popup, 2LF)
|
Batting: RHB R.J. Crosby
|
0-0: Ball 1-0: Foul Ball, location: 2F 1-1: Fly out, F8 (Flyball, 8RS)
|
Batting: RHB Elliott Johnston
|
0-0: Swinging Strike 0-1: Ball 1-1: Foul Ball, location: 2F 1-2: Foul Ball, location: 2F 1-2: Ball 2-2: Foul Ball, location: 2F 2-2: Ball 3-2: Foul Ball, location: 2F 3-2: Foul Ball, location: 2F 3-2: SINGLE (Flyball, 7S) Javier Deleón to second Javier Deleón to third
|
Pitching: LHP Charlie Conner
|
|
Batting: LHB Luis Villa
|
0-0: Fly out, F9 (Flyball, 9S)
|
Bottom of the 6th over - 0 run(s), 1 hit(s), 0 error(s), 2 left on base; Amarillo 5 - Richmond 1 |
TOP OF THE 7TH |
Amarillo Archdukes batting - Pitching for Richmond Flairs : RHP John Smith
|
Batting: RHB José Tamayo
|
0-0: Called Strike 0-1: Ball 1-1: Foul Ball, location: 2F 1-2: Foul Ball, location: 2F 1-2: Ball 2-2: Strikes out swinging
|
Batting: RHB Mark Roy
|
0-0: Called Strike 0-1: Ball 1-1: Ball 2-1: Swinging Strike 2-2: Strikes out swinging
|
Batting: RHB Tony Quinn
|
0-0: Ball 1-0: Ball 2-0: Called Strike 2-1: Foul Ball, location: 2F 2-2: Ball 3-2: Ground out 4-3 (Groundball, 4)
|
Top of the 7th over - 0 run(s), 0 hit(s), 0 error(s), 0 left on base; Amarillo 5 - Richmond 1 |
BOTTOM OF THE 7TH |
Richmond Flairs batting - Pitching for Amarillo Archdukes : LHP Charlie Conner
|
Pitching: RHP Artie Byrne
|
|
Batting: SHB Carlos Reyes
|
0-0: Ball 1-0: Swinging Strike 1-1: Swinging Strike 1-2: Ball 2-2: Ball 3-2: Foul Ball, location: 2F 3-2: Strikes out swinging
|
Batting: RHB Jared Thompson
|
0-0: Called Strike 0-1: Ground out 5-3 (Groundball, 5S)
|
Batting: RHB Alberto Hernández
|
0-0: Called Strike 0-1: Ball 1-1: Swinging Strike 1-2: Ball 2-2: Foul Ball, location: 2F 2-2: Fly out, F9 (Flyball, 9LMF)
|
Bottom of the 7th over - 0 run(s), 0 hit(s), 0 error(s), 0 left on base; Amarillo 5 - Richmond 1 |
TOP OF THE 8TH |
Amarillo Archdukes batting - Pitching for Richmond Flairs : RHP John Smith
|
Pitching: LHP Orlando Díaz
|
|
Batting: RHB Nobuharu Hoshino
|
0-0: Called Strike 0-1: Ball 1-1: Called Strike 1-2: Foul Ball, location: 2F 1-2: Ball 2-2: Foul Ball, location: 2F 2-2: Fly out, F8 (Flyball, 8LXD)
|
Batting: LHB Jorge Martínez
|
0-0: SOLO HOME RUN (Line Drive, 9D), Distance : 373 ft
|
Batting: RHB Norm Francis
|
0-0: Ball 1-0: Called Strike 1-1: Ball 2-1: Ball 3-1: SOLO HOME RUN (Flyball, 7D), Distance : 355 ft
|
Batting: LHB Howard Lambert
|
0-0: Ball 1-0: Ball 2-0: Ball 3-0: Called Strike 3-1: Foul Ball, location: 2F 3-2: Foul Ball, location: 2F 3-2: Base on Balls
|
Batting: RHB Jorge Espinosa
|
0-0: Ball 1-0: Ball 2-0: Fly out, F9 (Flyball, 89S)
|
Batting: RHB Ronald Parsons
|
0-0: Ball 1-0: Called Strike 1-1: Ball 2-1: Ball 3-1: Base on Balls Howard Lambert to second
|
Batting: RHB José Tamayo
|
0-0: Swinging Strike 0-1: Foul Ball, location: 2F 0-2: Strikes out swinging
|
Top of the 8th over - 2 run(s), 2 hit(s), 0 error(s), 2 left on base; Amarillo 7 - Richmond 1 |
BOTTOM OF THE 8TH |
Richmond Flairs batting - Pitching for Amarillo Archdukes : RHP Artie Byrne
|
Batting: LHB Frank Geddes
|
0-0: DOUBLE (Flyball, 89XD)
|
Batting: RHB Javier Deleón
|
0-0: Ball 1-0: Foul Ball, location: 2F 1-1: Foul Ball, location: 2F 1-2: Ball 2-2: Foul Ball, location: 2F 2-2: Foul Ball, location: 2F 2-2: Ball 3-2: SINGLE (Groundball, 56D) Frank Geddes to third Runner from 3rd tries for Home, SAFE, no throw or cutoff
|
Batting: LHB Roland Jones
|
0-0: Called Strike 0-1: Ball 1-1: Ball 2-1: Ball 3-1: Fly out, F7 (Flyball, 7LM)
|
Batting: RHB R.J. Crosby
|
0-0: Fly out, F9 (Flyball, 9D)
|
Batting: RHB Elliott Johnston
|
0-0: Called Strike 0-1: Ball 1-1: Called Strike 1-2: Ball 2-2: Ball 3-2: Foul Ball, location: 2F 3-2: Base on Balls Javier Deleón to second
|
Batting: LHB Luis Villa
|
0-0: Swinging Strike 0-1: Ball 1-1: Called Strike 1-2: Ball 2-2: Strikes out swinging
|
Bottom of the 8th over - 1 run(s), 2 hit(s), 0 error(s), 2 left on base; Amarillo 7 - Richmond 2 |
TOP OF THE 9TH |
Amarillo Archdukes batting - Pitching for Richmond Flairs : LHP Orlando Díaz
|
Batting: RHB Mark Roy
|
0-0: Ball 1-0: Fly out, F3 (Popup, 34)
|
Batting: RHB Tony Quinn
|
0-0: Ball 1-0: Foul Ball, location: 2F 1-1: Ball 2-1: Ball 3-1: Foul Ball, location: 2F 3-2: Base on Balls
|
Batting: RHB Nobuharu Hoshino
|
0-0: Ball 1-0: Foul Ball, location: 2F 1-1: Called Strike Tony Quinn steals 2nd base 1-2: Strikes out swinging
|
Batting: LHB Jorge Martínez
|
0-0: Called Strike 0-1: Foul Ball, location: 2F 0-2: Ball 1-2: Ball 2-2: Strikes out swinging
|
Top of the 9th over - 0 run(s), 0 hit(s), 0 error(s), 1 left on base; Amarillo 7 - Richmond 2 |
BOTTOM OF THE 9TH |
Richmond Flairs batting - Pitching for Amarillo Archdukes : RHP Artie Byrne
|
Batting: SHB Carlos Reyes
|
0-0: Ball 1-0: Foul Ball, location: 2F 1-1: Ground out 4-3 (Groundball, 4)
|
Batting: RHB Jared Thompson
|
0-0: Fly out, F3 (Popup, 3SF)
|
Batting: RHB Alberto Hernández
|
0-0: Foul Ball, location: 2F 0-1: Ball 1-1: Ball 2-1: Called Strike 2-2: Foul Ball, location: 2F 2-2: Foul Ball, location: 2F 2-2: Strikes out swinging
|
Bottom of the 9th over - 0 run(s), 0 hit(s), 0 error(s), 0 left on base; Amarillo 7 - Richmond 2 |
|